 Dungeon Crawl Stone Soup version 0.27.1 (webtiles) character file.

Game seed: 5021222822942449902

41 H0rd4k the Caller (level 3, -7/24 HPs)
             Began as a Barachi Summoner on Aug 31, 2021.
             Shot with an arrow by a centaur (10 damage)
             ... on level 4 of the Dungeon.
             The game lasted 00:04:40 (3660 turns).

H0rd4k the Caller (Barachi Summoner)                Turns: 3660, Time: 00:04:40

Health: -7/24      AC:  2    Str:  9    XL:     3   Next: 52%
Magic:  3/7        EV: 12    Int: 16    God:
Gold:   80         SH:  0    Dex: 12    Spells: 2/8 levels left

rFire    . . .     SeeInvis .   (no weapon)
rCold    . . .     Faith    .   (no shield)
rNeg     . . .     Spirit   .   a - +0 robe
rPois    +         Reflect  .   (no helmet)
rElec    .         Harm     .   (no cloak)
rCorr    .         Rampage  .   (no gloves)
Will     +....                  (no boots)
Stlth    ++........             (no amulet)
HPRegen  0.08/turn              b - ring of willpower
MPRegen  0.10/turn              e - ring of poison resistance

@: attractive, slow
A: amphibious, slowness 1, strong legs 1, +LOS
a: Hop


You were on level 4 of the Dungeon.
You visited 1 branch of the dungeon, and saw 4 of its levels.

You collected 80 gold pieces.

Inventory:

Missiles
 j - 5 silver boomerangs
Armour
 a - a +0 robe (worn)
Jewellery
 b - a ring of willpower (left hand)
 e - a ring of poison resistance (right hand)
Scrolls
 c - 2 scrolls of blinking {unknown}
 d - a scroll of fog {unknown}
 f - a scroll of enchant weapon {unknown}
 g - a scroll of enchant armour {unknown}
 i - a scroll of fear {unknown}
 k - 3 scrolls of noise {unknown}
 l - a scroll of vulnerability {unknown}
 m - a scroll of teleportation {unknown}


   Skills:
 + Level 2.2 Dodging
 - Level 1.7 Stealth
 * Level 3.4 Spellcasting
 * Level 5.3 Summonings


You had 2 spell levels left.
You knew the following spells:

 Your Spells              Type           Power      Damage    Failure   Level
a - Summon Small Mammal   Summ           76%        N/A       1%          1
b - Call Canine Familiar  Summ           19%        N/A       6%          3
c - Blink                 Tloc           N/A        N/A       26%         2

Your spell library contained the following spells:

 Spells                   Type           Power      Damage    Failure   Level
 Call Imp                 Summ           19%        N/A       3%          2
 Magic Dart               Conj           8%         1d3       19%         1
 Summon Guardian Golem    Hex/Summ       11%        N/A       19%         3
 Lesser Beckoning         Tloc           1%         N/A       45%         3
 Ignite Poison            Fire/Tmut/Pois 2%         N/A       47%         3
 Mephitic Cloud           Conj/Pois/Air  2%         N/A       47%         3
 Summon Lightning Spire   Summ/Air       11%        N/A       52%         4
 Bolt of Magma            Conj/Fire/Erth 1%         4d4       99%         5
 Manifold Assault         Tloc           3%         N/A       99%         5


Dungeon Overview and Level Annotations

Branches:
Dungeon (4/15)
 Temple: D:4-7

Altars:

Annotations:
D:3 exclusion: downstairs
D:4 Eustachio


Innate Abilities, Weirdness & Mutations

You are amphibious.
You cover ground slowly.
You can hop short distances.
You have an extended range of vision and can be seen from far away.


Message History

The centaur wields a +0 shortbow.
The centaur shoots an arrow.
The arrow hits your hound!
Your hound bites the hobgoblin but does no damage.
Your quokka bites the hobgoblin.
The hobgoblin dies!
The centaur shoots an arrow.
The arrow closely misses you.
Unknown command.
The centaur shoots an arrow.
The arrow closely misses your rat. The arrow barely misses you.
You climb upwards.
Your summoned allies are left behind.
Level annotation: exclusion: downstairs
There is a stone staircase leading down here.
Unknown command.
You start resting.
Magic restored.
There is a stone staircase leading down here.
You see here a +0 dagger.
HP restored.
There is a stone staircase leading down here.
You climb downwards.
Level annotation: Eustachio
Found an emerald potion.
There is a stone staircase leading up here.
Found 5 large rocks.
The centaur shoots an arrow.
The arrow hits you.
The centaur shoots an arrow.
The arrow hits you.
Casting: Summon Small Mammal (safe; 1% risk of failure)
Confirm with . or Enter, or press ? or * to list all spells.
The spell is quite dangerous to cast (6% risk of failure)!
Continue anyway? [Y]es or [N]o only, please.
The spell is quite dangerous to cast (6% risk of failure)!
Continue anyway?
The centaur shoots an arrow.
The arrow closely misses you.
The centaur shoots an arrow.
The arrow hits you!
Ouch! That really hurt!
* * * LOW HITPOINT WARNING * * *
You are too injured to fight recklessly!
It was a potion of attraction.
You feel attractive to monsters.
The centaur shoots an arrow.
The arrow hits you!
You die...

##### ##(..##
#..!h.# #...b@#
##...## #...#
####...##
#.......######## ..
#.....c.#......##.#
#........>........
#.........<........#
###........c.......#


You could see a centaur (ally target), a friendly hound (summoned) and a
friendly bat (summoned).

Vanquished Creatures
  A hobgoblin (D:1)
1 creature vanquished.

Vanquished Creatures (collateral kills)
  Robin (D:3)
  A dart slug (D:1)
  An orc (D:3)
  4 ball pythons
  6 endoplasms
  15 goblins
  4 hobgoblins
  3 jackals
  5 quokkas
  8 bats
  A frilled lizard (D:1)
49 creatures vanquished.

Grand Total: 50 creatures vanquished

Notes
Turn   | Place    | Note
-------+----------+-------------------------------------------
     0 | D:1      | H0rd4k the Barachi Summoner began the quest for the Orb.
     0 | D:1      | Reached XP level 1. HP: 13/13 MP: 3/3
   185 | D:1      | Reached skill level 5 in Summonings
   632 | D:1      | Reached XP level 2. HP: 10/19 MP: 0/5
  1999 | D:3      | Reached XP level 3. HP: 15/24 MP: 1/7
  2003 | D:3      | Learned a level 3 spell: Call Canine Familiar
  2191 | D:3      | Noticed Robin
  2205 | D:3      | Killed Robin
  3360 | D:3      | Learned a level 2 spell: Blink
  3426 | D:4      | Noticed Eustachio
  3581 | D:4      | Noticed a centaur
  3660 | D:4      | Shot with an arrow by a centaur

Illustrated notes

Levels and vault maps discovered:
D:1:      dpeg_arrival_shelter, layout_basic
D:2:      layout_basic, basic_altar, minmay_three_crescents
D:3:      layout_loops_corners, hex_medium, roderic_serpentine_path,
          corexii_hall_statues_t, kennysheep_path_1, uniq_robin
D:4:      layout_rooms, minmay_temple_entry_mist,
          eino_small_chamber_without_monster, uniq_eustachio

Skill      XL: |  1  2 |
---------------+-------+-----
Summonings     | 5 |  5.3
Spellcasting   | 3 |  3.4
Dodging        | |  2.2
Stealth        | |  1.7

Action                   || total
-------------------------++-------
Melee: Unarmed           ||    16
 Cast: Summon Small Mamm ||   102
       Call Canine Famil ||     4
  Use: Potion            ||     1
Armor: Robe              ||    13
Dodge: Dodged            ||    47
